AoeStats
← JLlanqui

Nomad

509491222Analyzed
4v4 RM · 5d ago on Sep 27, 2026· 42m 13s· 8 players
Game mode
Random Map
Map size
231×231
Population
200
Speed
Normal
Resources
Standard
Victory
Conquest
Starting age
Dark Age
Ending age
Imperial Age
RankedLock teamsTeams togetherTeam positionsShared explorationLock speedFull tech treeHidden civsTurbo modeCheats
Victory
Defeat
🇨🇱 Berbers · Chile
910
+14
🇺🇸 Franks · United States
885
+15
🇺🇸 Celts · United States
878
+15
🇮🇩 Portuguese · Indonesia
790
+19
🇧🇷 Jurchens · Brazil
987
-20
🇧🇷 Celts · Brazil
947
-19
🇧🇷 Goths · Brazil
762
-12
🇧🇷 Vikings · Brazil
754
-12
R4M0S
18:20 Feudal Age
19:08 Man-at-Arms
20:00 Arson
24:59 Castle Age
Gadega
3:59 Loom
16:53 Feudal Age
18:18 Fishing Lines
21:01 Castle Age
20:46 Stone Mining
20:46 Double-Bit Axe
20:46 Horse Collar
22:23 Wheelbarrow
25:07 Bow Saw
25:20 Gillnets
27:39 Gold Mining
33:25 Forging
33:15 Scale Mail Armor
35:25 Iron Casting
34:50 Scale Mail Armor
37:00 Heavy Plow
43:20 Imperial Age
41:18 Hand Cart
42:43 Anarchy
Øzzy
5:13 Loom
16:04 Feudal Age
16:06 Man-at-Arms
18:47 Wheelbarrow
18:59 Double-Bit Axe
26:00 Castle Age
27:46 Bloodlines
29:04 Scale Barding Armor
30:12 Pikeman
31:49 Bow Saw
Fatninja92
5:00 Loom
15:31 Feudal Age
16:44 Double-Bit Axe
20:04 Wheelbarrow
21:47 Castle Age
25:27 Gold Mining
25:28 Stone Mining
25:52 Bow Saw
25:27 Horse Collar
35:35 Scale Mail Armor
35:46 Forging
38:13 Chain Mail Armor
38:34 Iron Casting
38:13 Fletching
39:56 Pikeman
40:39 Bodkin Arrow
vino102284
3:58 Loom
13:48 Feudal Age
19:23 Horse Collar
23:31 Castle Age
21:38 Double-Bit Axe
24:39 Wheelbarrow
24:49 Gold Mining
24:50 Stone Mining
25:04 Heavy Plow
25:26 Bow Saw
25:55 Hand Cart
25:29 Town Watch
31:10 Gold Shaft Mining
31:46 Town Patrol
32:32 Stone Shaft Mining
32:58 Forging
32:49 Scale Mail Armor
35:58 Chain Mail Armor
36:18 Iron Casting
40:19 Imperial Age
41:28 Capped Ram
41:48 Elite Woad Raider
bluesuitandtie
14:50 Feudal Age
20:48 Castle Age
18:42 Double-Bit Axe
19:43 Scale Barding Armor
20:03 Forging
21:58 Husbandry
29:33 Chain Barding Armor
31:25 Iron Casting
35:41 Wheelbarrow
43:42 Imperial Age
JLlanqui
11:31 Loom
14:34 Feudal Age
15:31 Double-Bit Axe
19:55 Castle Age
18:03 Fletching
20:55 Gold Mining
21:23 Bodkin Arrow
22:29 Padded Archer Armor
24:08 Leather Archer Armor
24:48 Ballistics
25:14 Bow Saw
37:27 Horse Collar
38:08 Scale Barding Armor
39:24 Chain Barding Armor
39:11 Heavy Plow
42:06 Wheelbarrow
ayon
5:08 Loom
15:41 Feudal Age
22:02 Castle Age
20:41 Wheelbarrow
19:52 Town Watch
22:07 Stone Mining
22:44 Double-Bit Axe
24:08 Bow Saw
29:25 Imperial Age
29:34 Gold Mining
30:56 Hand Cart
33:10 Stone Shaft Mining
35:59 Siege Engineers
35:46 Heated Shot
37:24 Town Patrol
38:47 Chemistry
39:22 Arquebus
39:47 Elite Organ Gun
40:51 Ballistics
Connection lost

Rejoining the realm…

Still unreachable

The connection could not be restored.

Session expired

The server has moved on; the page needs a fresh start.